 Dungeon Crawl Stone Soup version 0.20.1-1-g8b1a95d (webtiles) character file.

2441 IksarHS the Cleaver (level 9, -11/75 HPs)
             Began as a Deep Dwarf Monk on Oct 1, 2017.
             Was a Priest of Makhleb.
             Killed from afar by an electric eel (14 damage)
             ... with a bolt of electricity
             ... on level 7 of the Dungeon.
             The game lasted 00:12:40 (5143 turns).

IksarHS the Cleaver (Deep Dwarf Monk)               Turns: 5143, Time: 00:12:40

Health: -11/75     AC: 17    Str: 22    XL:     9   Next: 25%
Magic:  4/4        EV:  8    Int: 10    God:    Makhleb [***...]
Gold:   431        SH:  0    Dex: 15    Spells: 8/8 levels left

rFire    . . .     SeeInvis .   a - +1 hand axe
rCold    . . .     Gourm    .   (no shield)
rNeg     . . .     Faith    +   d - +0 plate armour
rPois    .         Spirit   .   g - +0 helmet
rElec    .         Reflect  .   (no cloak)
rCorr    .         Harm     .   h - +0 pair of gloves
MR       +....                  o - +0 pair of boots
Stlth    ..........             n - amulet of faith
Regen    0.0/turn               i - +3 ring of strength
MPRegen  0.1/turn               v - +1 ring of protection

@: non-regenerating
A: damage resistance, heal wounds, sense surroundings 2, no regeneration
a: Heal Wounds, Minor Destruction, Lesser Servant of Makhleb, Renounce Religion


You were on level 7 of the Dungeon.
You worshipped Makhleb.
Makhleb was most pleased with you.
You were not hungry.

You visited 2 branches of the dungeon, and saw 8 of its levels.

You collected 431 gold pieces.

Inventory:

Hand Weapons
 a - a +1 hand axe (weapon)
 s - a +0 battleaxe
 F - a +0 war axe
Armour
 d - a +0 plate armour (worn)
 g - a +0 helmet (worn)
 h - a +0 pair of gloves (worn)
 o - a +0 pair of boots (worn)
Jewellery
 e - an uncursed ring of wizardry
 i - a +3 ring of strength (left hand)
 m - an uncursed ring of protection from fire
 n - an amulet of faith (around neck)
 u - an uncursed ring of wizardry
 v - a +1 ring of protection (right hand)
 B - an uncursed amulet of harm {unknown}
Wands
 z - a wand of confusion (35/48)
Scrolls
 j - 5 scrolls of enchant weapon
 k - 9 scrolls of identify
 q - 2 scrolls of teleportation
 w - 2 scrolls of magic mapping
 y - a scroll of amnesia
Potions
 l - 3 potions of curing
 p - 2 potions of might {unknown}
 t - 3 potions of agility {unknown}
 x - a potion of resistance {unknown}
 C - a potion of mutation {unknown}
Books
 r - a book of Cantrips

   Spells                             Type                      Level
   a - Confusing Touch                Hexes                        1
   b - Animate Skeleton               Necromancy                   1
   c - Summon Small Mammal            Summoning                    1
   d - Apportation                    Translocation                1
 A - a book of Geomancy

   Spells                             Type                      Level
   a - Sandblast                      Earth                        1
   b - Passwall                       Transmutation/Earth          2
   c - Stone Arrow                    Conjuration/Earth            3
   d - Petrify                        Transmutation/Earth          4
   e - Lee's Rapid Deconstruction     Earth                        5
Comestibles
 b - 4 meat rations
 c - 7 bread rations
 f - 4 fruits


   Skills:
 + Level 3.1 Fighting
 + Level 12.1 Axes
 + Level 5.8 Armour
 + Level 3.7 Dodging
 - Level 2.4 Stealth


You had 8 spell levels left.
You didn't know any spells.

Dungeon Overview and Level Annotations

Branches:
Dungeon (7/15)             Temple (1/1) D:4

Altars:
Ashenzari
Elyvilon
Fedhas
Gozag
Hepliaklqana
Kikubaaqudgha
Makhleb
Sif Muna
Trog
Vehumet
Xom
Yredelemnul
Zin
The Shining One

Shops:
D:4 *


Innate Abilities, Weirdness & Mutations

You are resistant to damage.
You can heal yourself by infusing magical energy.
You passively map the area around you.
You do not regenerate.


Message History

You closely miss the electric eel.
The electric eel is heavily wounded.
You miss the electric eel.
The electric eel shoots out a bolt of lightning at you!
The bolt of electricity hits you!
* * * LOW HITPOINT WARNING * * *
The electric eel shoots out a bolt of lightning at you!
The bolt of electricity hits you! x2
The bolt of electricity hits the electric eel.
The electric eel completely resists.
Your magical essence is drained by the effort!
You feel much better.
The electric eel shoots out a bolt of lightning at you!
The bolt of electricity hits you!
* * * LOW HITPOINT WARNING * * *
The electric eel shoots out a bolt of lightning at you!
The bolt of electricity hits you!
* * * LOW HITPOINT WARNING * * *
The bolt of electricity hits you!
You die...

......≈≈≈≈≈..###...........#
,
......≈≈≈P..####...........#
*
.......≈≈≈.................#
##....≈≈≈≈.......###.......#
......≈≈≈≈≈...##'###########
.......≈≈P≈...#......... , *
......≈≈≈≈≈...#..≈...... ,
......≈≈≈≈....#..≈.≈≈≈≈≈ ,
,, .....≈≈≈≈P....#.@;.≈....
,,* ,,
.....≈≈≈≈≈P...#..;.≈.≈≈. * ,
).....≈≈≈P≈...#..≈.≈(⌠≈.≈ ,
......≈≈≈≈≈...#..≈.≈≈≈≈.≈ *
* .....≈≈≈≈≈..#.#..≈......≈,
* * ......≈≈≈...#.#!.≈≈≈≈≈≈≈
* .....#≈≈≈≈≈.. +.........,,
###..#≈≈≈#.. #........., ,*
#..#≈≈≈#.. ** * +**


You could see 2 electric eels.

Vanquished Creatures
  Pikel (D:6)
  Grinder (D:6)
  Menkaure (D:6)
  An ice beast (D:6)
  An orc warrior (D:7)
  4 ogres
  A centaur (D:5)
  2 bullfrogs
  3 electric eels (D:7)
  3 howler monkeys (D:6)
  3 crimson imps
  2 hounds (D:4)
  A jelly (D:6)
  3 orc priests
  An iguana (D:6)
  6 orc wizards
  A worker ant (D:4)
  A howler monkey zombie (D:6)
  6 adders
  3 gnolls (D:3)
  2 shadow imps
  3 worms
  A dart slug (D:1)
  5 leopard geckos
  37 orcs
  7 giant cockroaches
  4 goblins
  A hobgoblin (D:3)
  6 jackals
  8 kobolds
  3 quokkas
  3 bats
  3 frilled lizards
  4 rats
132 creatures vanquished.

Notes
Turn   | Place    | Note
-------+----------+-------------------------------------------
     0 | D:1      | IksarHS the Deep Dwarf Monk began the quest for the Orb.
     0 | D:1      | Reached XP level 1. HP: 20/20 MP: 1/1
   184 | D:1      | Reached skill level 1 in Armour
   210 | D:1      | Reached XP level 2. HP: 22/27 MP: 2/2
   722 | D:2      | Reached XP level 3. HP: 19/33 MP: 3/3
  1460 | D:3      | Found an opulent altar of Gozag.
  1507 | D:3      | Reached XP level 4. HP: 34/40 MP: 3/3
  1638 | D:3      | Reached skill level 5 in Armour
  1638 | D:3      | Reached XP level 5. HP: 22/46 MP: 4/4
  2042 | D:4      | Found Cacs's Assorted Antiques.
  2073 | D:4      | Found a staircase to the Ecumenical Temple.
  2131 | D:4      | Noticed an ogre
  2149 | Temple   | Entered the Ecumenical Temple
  2164 | Temple   | Became a worshipper of Makhleb the Destroyer
  2164 | Temple   | Reached * piety under Makhleb
  2164 | Temple   | Reached ** piety under Makhleb
  2188 | D:4      | Killed an ogre
  2188 | D:4      | Reached skill level 4 in Axes
  2188 | D:4      | Reached XP level 6. HP: 51/55 MP: 4/4
  2216 | D:4      | Reached skill level 5 in Axes
  2510 | D:4      | Found a glowing silver altar of Zin.
  2779 | D:4      | Reached skill level 6 in Axes
  2905 | D:5      | Entered Level 5 of the Dungeon
  2934 | D:5      | Reached XP level 7. HP: 60/61 MP: 5/5
  3281 | D:5      | Reached skill level 7 in Axes
  3333 | D:5      | Found a glowing golden altar of the Shining One.
  3694 | D:5      | Found a radiant altar of Vehumet.
  3975 | D:6      | Noticed Menkaure
  3987 | D:6      | Killed Menkaure
  3987 | D:6      | Reached skill level 8 in Axes
  4035 | D:6      | Reached skill level 9 in Axes
  4076 | D:6      | Reached XP level 8. HP: 38/68 MP: 5/5
  4120 | D:6      | Reached *** piety under Makhleb
  4228 | D:6      | Found a deep blue altar of Sif Muna.
  4268 | D:6      | Noticed Grinder
  4280 | D:6      | Killed Grinder
  4280 | D:6      | Reached skill level 10 in Axes
  4427 | D:6      | Reached skill level 11 in Axes
  4463 | D:6      | Found a shimmering altar of Xom.
  4556 | D:6      | Noticed Pikel
  4589 | D:6      | Killed Pikel
  4589 | D:6      | Reached skill level 12 in Axes
  4589 | D:6      | Gained mutation: You passively map the area around you. [Deep Dwarf growth]
  4589 | D:6      | Reached XP level 9. HP: 59/74 MP: 5/5
  5137 | D:7      | HP: 1/75 [electric eel/bolt of electricity (6)]
  5142 | D:7      | HP: 2/75 [electric eel/bolt of electricity (1)]
  5143 | D:7      | Killed from afar by an electric eel

Skill      XL: |  1  2  3  4  5  6  7  8  9 |
---------------+----------------------------+-----
Armour         | 1 3 4 5 |  5.8
Axes           | 4 6 9 12 | 12.1
Fighting       | 3 |  3.1
Dodging        | |  3.7
Stealth        | |  2.4

Action                   |  1- 3 |  4- 6 |  7- 9 || total
-------------------------+-------+-------+-------++-------
Melee: Hand axe          |   142 |   235 |   356 ||   733
 Abil: Heal Wounds       |     1 |     2 |    13 ||    16
  Use: Potion            |       |     6 |     1 ||     7
       Scroll            |       |       |    10 ||    10
  Eat: Chunk             |     1 |     5 |     4 ||    10
       Meat ration       |       |       |     1 ||     1
Armor: Plate armour      |   100 |   152 |   203 ||   455
Dodge: Dodged            |    55 |    52 |   108 ||   215
